AoeStats
← QNCMLT

Hideout

507465898Analyzed
1v1 RM · 14d ago on Sep 18, 2026· 93m 14s· 2 players
Game mode
Random Map
Map size
Tiny (2 player)
Population
200
Speed
Normal
Resources
Standard
Victory
Conquest
Starting age
Dark Age
Ending age
Imperial Age
RankedLock teamsTeams togetherTeam positionsShared explorationLock speedFull tech treeHidden civsTurbo modeCheats
Victory
Defeat
🇨🇳 Teutons · China
321
+23
🇻🇳 Wei · Vietnam
486
-23
QNCMLT
10:50 Feudal Age
15:23 Castle Age
13:59 Double-Bit Axe
14:25 Horse Collar
23:19 Stone Mining
24:00 Loom
25:00 Wheelbarrow
25:16 Gold Mining
28:35 Hand Cart
29:21 Stone Shaft Mining
34:57 Imperial Age
33:43 Heavy Plow
33:55 Bow Saw
34:16 Scale Mail Armor
34:26 Forging
34:07 Fletching
34:23 Scale Barding Armor
34:40 Ballistics
34:32 Masonry
36:06 Guilds
36:35 Crenellations
36:51 Hoardings
36:37 Conscription
37:17 Elite Teutonic Knight
38:18 Ironclad
39:03 Chemistry
40:45 Crop Rotation
40:31 Siege Engineers
40:50 Chain Mail Armor
41:10 Iron Casting
40:32 Bodkin Arrow
40:58 Chain Barding Armor
42:05 Two-Man Saw
41:39 Sappers
44:22 Town Watch
44:28 Gambesons
44:43 Squires
44:28 Arson
44:04 Pikeman
45:17 Plate Mail Armor
45:47 Blast Furnace
45:22 Plate Barding Armor
44:49 Padded Archer Armor
45:38 Bloodlines
44:52 Cavalier
47:39 Paladin
47:42 Halberdier
50:26 Leather Archer Armor
56:31 Ring Archer Armor
56:38 Town Patrol
56:41 Elite Skirmisher
76:27 Spies/Treason
87:17 Heresy
89:14 Devotion
90:47 Faith
S1mpUn
12:04 Feudal Age
12:17 Loom
13:25 Double-Bit Axe
15:13 Wheelbarrow
15:09 Horse Collar
21:09 Castle Age
19:52 Forging
19:43 Gold Mining
22:29 Bow Saw
22:25 Heavy Plow
23:32 Hand Cart
23:18 Stone Mining
25:42 Gold Shaft Mining
28:25 Pikeman
31:41 Imperial Age
30:03 Stone Shaft Mining
31:24 Thumb Ring
31:55 Iron Casting
31:11 Fletching
32:28 Halberdier
35:02 Chemistry
34:35 Heavy Hei Guang Cavalry
37:36 Crop Rotation
40:27 Blast Furnace
39:27 Padded Archer Armor
39:23 Bodkin Arrow
39:29 Scale Mail Armor
39:34 Scale Barding Armor
43:23 Parthian Tactics
44:27 Elite Tiger Cavalry
45:28 Squires
45:15 Arson
45:02 Elite Skirmisher
48:15 Leather Archer Armor
47:56 Bodkin Arrow
48:16 Heated Shot
50:08 Bracer
50:39 Ring Archer Armor
50:29 Chain Barding Armor
59:23 Treadmill Crane
60:05 Ballistics
59:52 Scale Mail Armor
59:57 Tuntian
60:24 Ming Guang Armor
60:36 Hoardings
Connection lost

Rejoining the realm…

Still unreachable

The connection could not be restored.

Session expired

The server has moved on; the page needs a fresh start.